Map: Baie de réparation EC

Players

Enemistario

  • Race: Zerg Zerg
  • League: Platinum
  • Spawn Location: 7:00

defer - Winner!

  • Race: Protoss Protoss
  • League: Diamond
  • Spawn Location: 1:00

VOD

Have the link to the VOD?

Description

Time

  • Played on: July 24, 2017, 2:41 p.m.
  • Length: 5:20
Show
View Real Time Build Order
Export as new Build Order

Enemistario Zerg 

Build Orders: Pool First 

Get SALT Encoding   

  12  0:01  Drone  
  13  0:14  Overlord  
  13  0:17  Drone  
  14  0:33  Drone x2  
  16  0:45  Drone, Spawning Pool  
  16  0:49  Drone  
  17  1:12  Hatchery  
  17  1:16  Drone  
  17  1:17  Drone  
  18  1:21  Drone  
  18  1:23  Extractor  
  18  1:31  Drone  
  19  1:36  Queen  
  21  1:48  Overlord  
  21  1:54  Zergling x2  
  22  2:08  Zergling x2  
  23  2:12  Queen  
  25  2:18  Drone  
  26  2:24  Drone  
  26  2:26  Metabolic Boost  
  26  2:27  Queen  
  26  2:29  Drone  
  30  2:37  Overlord  
  30  2:40  Drone  
  31  2:45  Drone x3  
  34  3:02  Roach Warren  
  34  3:04  Drone x3  
  36  3:06  Drone  
  36  3:09  Extractor  
  36  3:14  Queen  
  38  3:20  Drone x2  
  38  3:22  Drone  
  38  3:27  Evolution Chamber  
  40  3:28  Drone  
  41  3:39  Zergling x10  
  44  3:45  Spine Crawler  
  36  3:54  Spine Crawler  
  28  4:03  Roach  
  28  4:04  Roach x2  
  34  4:18  Roach x2  
  34  4:20  Overlord  
  33  4:34  Roach  
  33  4:42  Roach  
  33  4:43  Roach  
  29  4:58  Roach  
  29  4:59  Roach x2  
Show
View Real Time Build Order
Export as new Build Order

defer Protoss - Winner!

Build Orders:  

Get SALT Encoding   

  12  0:11  Pylon  
  12  0:13  Probe (Chrono Boost)  
  13  0:23  Probe (Chrono Boost)  
  14  0:32  Gateway  
  14  0:35  Probe (Chrono Boost)  
  15  0:44  Assimilator  
  15  0:46  Probe (Chrono Boost)  
  16  0:56  Probe (Chrono Boost)  
  17  1:07  Probe (Chrono Boost)  
  18  1:17  Probe (Chrono Boost)  
  19  1:18  Cybernetics Core  
  19  1:26  Pylon  
  19  1:31  Zealot (Chrono Boost)  
  21  1:55  Zealot (Chrono Boost)  
  21  1:56  Robotics Facility  
  23  2:03  Gateway  
  23  2:18  Warp Gate  
  23  2:19  Zealot (Chrono Boost)  
  25  2:43  Immortal (Chrono Boost)  
  29  2:50  Zealot  
  31  2:51  Gateway  
  31  2:53  Pylon  
  31  3:18  Zealot, Immortal (Chrono Boost)  
  37  3:26  Pylon  
  37  3:49  Zealot  
  41  4:05  Gateway  
  41  4:08  Gateway  
  41  4:11  Pylon  
  39  4:38  Zealot x2  
  39  4:39  Immortal (Chrono Boost)  
Tags
 
Add a new tag
Caveats
  • Supply blocks, unpowered buildings, or Contaminate may cause inaccurate times.
  • Supply counts are checked every 10 seconds.